 Dungeon Crawl Stone Soup version 0.30.0-29-ga12c61a403 (webtiles) character file.

Game seed: 16634826471153684352

1 AIAndy the Magician (level 1, -5/13 HPs)
             Began as a Gnoll Wanderer on June 8, 2023.
             Slain by a gnoll
             ... wielding a +0 spear
              (6 damage)
             ... on level 1 of the Dungeon.
             The game lasted 00:02:16 (52 turns).

AIAndy the Magician (Gnoll Wanderer)                  Turns: 52, Time: 00:02:16

Health: -5/13      AC:  3    Str: 12    XL:     1   Next: 20%
Magic:  1/8        EV: 11    Int: 10    God:
Gold:   0          SH:  0    Dex: 11    Spells: 13/14 levels left

rFire   . . .        a - +0 club
rCold   . . .        (no shield)
rNeg    . . .        c - +0 leather armour
rPois   .            (no helmet)
rElec   .            (no cloak)
rCorr   .            (no gloves)
SInv    .            (no boots)
Will    .....        (no amulet)
Stlth   ++           (no ring)
HPRegen 0.22/turn    (no ring)
MPRegen 0.11/turn

%: no passive effects
@: no status effects
A: fangs 1, strong nose, distributed training
a: no special abilities


You were on level 1 of the Dungeon.
You visited 1 branch of the dungeon, and saw 1 of its levels.

Inventory:

Hand Weapons
 a - a +0 club (weapon)
Armour
 c - a +0 leather armour (worn)
Wands
 d - a wand of polymorph (7) (quivered)
Potions
 b - a potion of heal wounds


   Skills:
 + Level 0.0 Fighting
 + Level 0.0 Short Blades
 + Level 0.0 Long Blades
 + Level 0.0 Axes
 + Level 0.0 Maces & Flails
 + Level 0.0 Polearms
 + Level 0.0 Staves
 + Level 0.0 Ranged Weapons
 + Level 0.0 Throwing
 + Level 0.0 Armour
 + Level 2.3 Dodging
 + Level 2.1 Stealth
 + Level 0.0 Shields
 + Level 0.0 Unarmed Combat
 + Level 7.0 Spellcasting
 + Level 0.0 Conjurations
 + Level 0.0 Hexes
 + Level 3.6 Summonings
 + Level 0.0 Necromancy
 + Level 0.0 Translocations
 + Level 0.0 Transmutations
 + Level 0.0 Fire Magic
 + Level 0.0 Ice Magic
 + Level 0.0 Air Magic
 + Level 0.0 Earth Magic
 + Level 0.0 Poison Magic
 + Level 0.0 Invocations
 + Level 4.4 Evocations


You had 13 spell levels left.
You knew the following spells:

 Your Spells              Type           Power      Damage    Failure   Level
a - Summon Small Mammal   Summ           40%        N/A       5%          1

Your spell library contained the following spells:

 Spells                   Type           Power      Damage    Failure   Level
 Necrotise                Necr           12%        1d4       24%         1
 Summon Guardian Golem    Hex/Summ       7%         N/A       32%         3
 Lesser Beckoning         Tloc           6%         N/A       34%         2
 Frozen Ramparts          Ice            6%         1d1       56%         3
 Vampiric Draining        Necr           3%         2d6       56%         3


Dungeon Overview and Level Annotations

Branches:
Dungeon (1/15)

Altars:


Innate Abilities, Weirdness & Mutations

You have very sharp teeth.
Your uncanny sense of smell can sniff out nearby items.
Your experience applies equally to all skills.


Message History

Confirm with . or Enter, or press ? or * to list all spells.
Your bat disappears in a puff of smoke!
The gnoll barely misses your bat. The kobold barely misses your bat.
Casting: Summon Small Mammal (safe; 5% risk of failure)
Confirm with . or Enter, or press ? or * to list all spells.
Your bat disappears in a puff of smoke!
Your bat hits the gnoll but does no damage.
The kobold barely misses your bat.
The gnoll hits your bat with a +0 spear.
Your bat dies!
Your bat's corpse disappears in a puff of smoke!
Casting: Summon Small Mammal (safe; 5% risk of failure)
Confirm with . or Enter, or press ? or * to list all spells.
The kobold throws a stone.
The stone barely misses your bat. The stone hits you but does no damage.
The gnoll hits your bat with a +0 spear!
Your bat dies!
Your bat's corpse disappears in a puff of smoke!
Casting: Summon Small Mammal (safe; 5% risk of failure)
Confirm with . or Enter, or press ? or * to list all spells.
You miscast Summon Small Mammal.
You are very lightly contaminated with residual magic.
Nothing appears to happen.
Your quokka misses the gnoll. The gnoll barely misses your quokka.
Your quokka bites the gnoll but does no damage.
The gnoll misses your quokka.
Your quokka bites the gnoll.
The gnoll hits your quokka with a +0 spear.
Your quokka dies!
Your quokka's corpse disappears in a puff of smoke!
The gnoll barely misses you. The gnoll hits you with a +0 spear.
* * * LOW HITPOINT WARNING * * *
Your magical contamination has completely faded away.
You hit the gnoll but do no damage.
The gnoll is moderately wounded.
The gnoll hits you with a +0 spear.
* * * LOW HITPOINT WARNING * * *
The kobold closely misses you.
The gnoll hits you from afar with a +0 spear.
You die...

#.### #P~P##.# #.
#PP~##.# #.
###~P~...#
#...P~~#####.#
#.##P~P# #.# #.
#PP~# ###.# .
#~~P##.# #...###...
#PP~##.###..........
#~PP....@Kg..#......
###########.###.....
#ยง## #....
#K.###...$
##!........
#..........
#...........
#.>.........
#...........


You could see a gnoll and a kobold.

Vanquished Creatures (collateral kills)
  A hobgoblin (D:1)
1 creature vanquished.

Notes
Turn   | Place    | Note
-------+----------+-------------------------------------------
     0 | D:1      | AIAndy the Gnoll Wanderer began the quest for the Orb.
     0 | D:1      | AIAndy set off with the following items: a +0 club, a
                  | potion of heal wounds, a +0 leather armour, a wand of
                  | polymorph (7); and the following spells available to
                  | memorise: Summon Small Mammal, Necrotise, Summon Guardian
                  | Golem, Lesser Beckoning, Frozen Ramparts, Vampiric
                  | Draining.
     0 | D:1      | Reached XP level 1. HP: 13/13 MP: 8/8
     2 | D:1      | Learned a level 1 spell: Summon Small Mammal
    52 | D:1      | Slain by a gnoll

Illustrated notes

Levels and vault maps discovered:
D:1:      psy_arrival_conway, layout_rooms, grunt_decor_resistance

Action                     || total
---------------------------++-------
  Melee: Club              ||     3
   Cast: Summon Small Mamm ||     9
 Armour: Leather armour    ||     1
  Dodge: Dodged            ||     7
